Map: Ascension to Aiur LE

Players

Bombs - Winner!

  • Race: Terran Terran
  • League: Diamond
  • Spawn Location: 11:00

juggrWOW

  • Race: Terran Terran
  • League: Master
  • Spawn Location: 5:00

VOD

Have the link to the VOD?

Description

Time

  • Played on: May 13, 2017, 3:16 a.m.
  • Length: 13:23
Show
View Real Time Build Order
Export as new Build Order

Bombs Terran - Winner!

Build Orders: Cyclone Opening, Bio Tank 

Get SALT Encoding   

  12  0:01  SCV  
  13  0:13  SCV  
  14  0:17  Supply Depot  
  14  0:26  SCV  
  15  0:30  Refinery  
  15  0:39  SCV  
  16  0:45  Barracks  
  16  0:51  SCV  
  17  1:04  SCV  
  18  1:17  SCV  
  20  1:32  Reaper  
  20  1:33  Orbital Command  
  20  1:48  Command Center  
  20  2:01  Factory  
  20  2:07  SCV  
  21  2:08  Barracks Reactor  
  21  2:16  Supply Depot  
  21  2:19  SCV  
  22  2:24  Refinery  
  22  2:31  SCV  
  22  2:47  Marine x2  
  22  2:49  Cyclone  
  22  2:50  SCV  
  27  3:03  SCV  
  28  3:09  Starport, Orbital Command  
  28  3:15  SCV  
  28  3:18  Marine x2  
  31  3:27  Cyclone  
  31  3:30  SCV  
  35  3:40  SCV  
  35  3:41  Marine x2  
  35  3:43  SCV  
  35  3:46  Starport Tech Lab  
  38  3:52  SCV  
  38  3:55  SCV  
  40  4:00  Supply Depot  
  40  4:04  Marine x2, Factory Tech Lab  
  40  4:05  SCV  
  40  4:07  SCV  
  44  4:10  Raven  
  46  4:22  SCV x2  
  46  4:23  Supply Depot  
  48  4:24  Marine x2  
  50  4:33  Siege Tank  
  50  4:34  SCV  
  54  4:41  Supply Depot  
  54  4:45  Marine x2, SCV  
  57  4:46  SCV  
  58  4:57  SCV  
  58  4:58  SCV  
  60  5:02  Command Center  
  60  5:03  Marine x2  
  62  5:09  SCV  
  62  5:10  SCV  
  62  5:13  Raven  
  62  5:14  Supply Depot  
  66  5:20  Marine x2  
  68  5:21  SCV  
  68  5:22  SCV  
  68  5:23  Supply Depot  
  70  5:32  Barracks  
  70  5:33  Refinery x2, Barracks  
  70  5:40  SCV  
  71  5:43  SCV  
  71  5:46  Supply Depot  
  71  5:48  Marine x2  
  71  5:49  Siege Tank  
  77  5:52  SCV  
  77  5:55  SCV  
  79  6:04  SCV  
  79  6:05  Marine  
  79  6:07  SCV  
  82  6:14  Starport Reactor  
  82  6:16  Orbital Command  
  82  6:17  SCV  
  81  6:18  Barracks  
  81  6:19  SCV  
  81  6:20  Barracks  
  81  6:21  Engineering Bay  
  81  6:22  Engineering Bay  
  82  6:26  Barracks Tech Lab  
  82  6:29  SCV  
  82  6:32  SCV  
  84  6:34  Stimpack  
  84  6:35  Marine  
  84  6:36  Orbital Command  
  84  6:38  Siege Tank  
  88  6:41  SCV  
  88  6:44  SCV  
  88  6:46  Combat Shields  
  90  6:47  Marine x2  
  90  6:51  Terran Infantry Armor Level 1, Terran Infantry Weapons Level 1  
  92  6:54  Marine, SCV  
  92  6:55  Marine  
  92  6:58  SCV  
  92  6:59  Medivac x2  
  100  7:06  SCV  
  100  7:08  SCV  
  100  7:11  SCV  
  100  7:12  Barracks Reactor x2  
  100  7:14  Marine x4  
  105  7:18  SCV  
  106  7:27  Siege Tank  
  109  7:30  Supply Depot x2  
  109  7:31  Supply Depot  
  109  7:32  Supply Depot  
  109  7:50  Marine x2, Medivac x2, SCV x2  
  109  7:51  Marine x6, SCV  
  124  7:59  Siege Tank  
  124  8:00  Command Center  
  124  8:02  SCV  
  128  8:07  Armory  
  128  8:08  Marine x2  
  128  8:09  Marine x5  
  135  8:14  SCV, Supply Depot  
  135  8:15  Refinery x2  
  135  8:17  Supply Depot  
  136  8:20  Marine  
  136  8:26  Marine x3  
  139  8:28  SCV  
  139  8:29  SCV  
  139  8:31  Siege Tank  
  139  8:32  SCV  
  146  8:36  Marine x4  
  146  8:38  Marine, Medivac x2  
  155  8:44  Marine  
  155  8:45  Marine  
  155  8:46  Marine, SCV  
  159  8:53  Marine  
  160  8:55  Marine x2  
  160  8:56  Marine x2  
  160  9:01  Marine  
  165  9:03  Supply Depot x2  
  165  9:12  Marine x3, Siege Tank  
  171  9:24  SCV  
  171  9:27  Terran Infantry Armor Level 2, Terran Infantry Weapons Level 2  
  171  9:28  Marine, Medivac x2  
  171  9:29  Marine x4  
  181  9:44  Siege Tank  
  184  9:45  Marine  
  184  9:46  Marine x4  
  187  9:58  Medivac x2  
  178  10:04  Marine x2  
  178  10:05  Marine x6  
  178  10:11  Planetary Fortress  
  178  10:14  Missile Turret  
  178  10:16  Siege Tank  
  181  10:21  Marine  
  181  10:22  Marine  
  181  10:23  Marine x6  
  181  10:28  Medivac x2  
  176  10:39  Marine  
  176  10:40  Marine x4  
  181  10:45  Marine  
  181  10:46  Marine x2  
  181  10:47  Factory, Barracks x3  
  181  10:48  Siege Tank, Terran Vehicle Weapons Level 1  
  187  10:57  Marine  
  187  10:58  Marine x4  
  187  11:03  Marine  
  193  11:04  Marine  
  193  11:05  Command Center  
  194  11:21  Marine  
  195  11:36  Sensor Tower  
  195  11:41  Sensor Tower  
  195  11:54  Siege Tank  
  177  12:05  Marine x10  
  177  12:06  Marine, Medivac x2  
  158  12:16  Factory Tech Lab  
  158  12:23  Marine x10  
  158  12:24  Marine  
  158  12:26  Siege Tank  
  159  12:36  Medivac x2  
  157  12:38  Siege Tank  
  157  12:40  Marine  
  157  12:41  Marine x6  
  157  12:42  Marine  
  168  12:51  Barracks Reactor x3  
  161  12:58  Marine, Refinery x2  
  164  12:59  Marine x3  
  164  13:18  Missile Turret  
  164  13:19  Missile Turret  
Show
View Real Time Build Order
Export as new Build Order

juggrWOW Terran 

Build Orders: Cyclone Opening, Reaper Expand, Bio Tank 

Get SALT Encoding   

  12  0:01  SCV  
  13  0:13  SCV  
  14  0:17  Supply Depot  
  14  0:25  SCV  
  15  0:30  Refinery  
  15  0:39  SCV  
  16  0:46  Barracks  
  16  0:51  SCV  
  17  1:03  SCV  
  18  1:15  SCV  
  19  1:33  Reaper  
  19  1:34  Orbital Command  
  20  2:00  Command Center  
  20  2:01  SCV  
  20  2:08  Factory  
  21  2:10  Barracks Reactor  
  21  2:13  SCV  
  22  2:17  Supply Depot  
  22  2:19  Refinery  
  22  2:26  SCV  
  23  2:39  SCV  
  24  2:49  Marine x2  
  26  2:51  SCV  
  26  2:55  Cyclone  
  29  3:03  SCV  
  30  3:10  Marine  
  30  3:11  Marine, Starport  
  32  3:14  Orbital Command  
  32  3:15  SCV  
  33  3:20  Engineering Bay  
  33  3:29  Marine x2  
  35  3:34  SCV  
  35  3:42  SCV  
  35  3:45  Factory Tech Lab  
  35  3:46  SCV  
  37  3:54  SCV  
  38  4:00  SCV  
  39  4:03  Command Center  
  39  4:06  Barracks Reactor  
  39  4:07  SCV  
  40  4:11  Viking  
  40  4:14  Viking  
  44  4:21  SCV  
  44  4:22  SCV  
  46  4:26  Supply Depot  
  46  4:29  Supply Depot  
  46  4:38  Supply Depot  
  46  4:47  Marine x2  
  46  4:48  Siege Tank, SCV  
  46  4:49  Viking  
  46  4:50  Viking  
  46  4:51  SCV  
  57  4:54  Refinery  
  57  4:56  Refinery  
  57  4:59  Supply Depot  
  57  5:01  Terran Infantry Weapons Level 1  
  57  5:04  SCV x2  
  59  5:09  Marine x2  
  60  5:22  SCV  
  60  5:25  SCV  
  60  5:26  Orbital Command  
  62  5:34  Siege Tank, Barracks  
  65  5:37  Barracks Tech Lab, Barracks  
  65  5:43  SCV x2  
  65  5:45  Viking  
  65  5:46  Viking  
  71  5:52  Supply Depot  
  73  5:57  SCV  
  60  6:18  SCV x2  
  62  6:27  Orbital Command  
  62  6:30  SCV x2  
  62  6:31  Barracks Reactor  
  64  6:33  Stimpack  
  64  6:42  SCV x2  
  64  6:44  Barracks x2  
  64  6:45  Marine x2  
  64  6:46  Marine, Medivac  
  64  6:47  Medivac  
  73  6:53  SCV  
  74  6:54  SCV  
  74  6:55  Terran Infantry Armor Level 1  
  75  7:02  Bunker  
  75  7:03  Marine, SCV  
  75  7:05  SCV  
  75  7:06  Missile Turret  
  76  7:12  SCV  
  77  7:18  Marine x4  
  77  7:20  Siege Tank, SCV x2  
  85  7:26  SCV  
  85  7:27  Marine  
  87  7:32  SCV  
  87  7:33  SCV  
  87  7:36  Marine x3  
  92  7:37  Barracks Reactor  
  92  7:38  Barracks Reactor  
  92  7:40  Marine  
  93  7:49  Marine  
  94  7:51  Medivac x2  
  94  7:52  Siege Tank  
  94  7:56  Factory, Supply Depot x2  
  94  7:57  Supply Depot  
  101  7:59  Marine, SCV, Supply Depot x2  
  101  8:00  Marine x2, Supply Depot  
  101  8:05  SCV x2  
  107  8:10  Refinery x2  
  107  8:11  SCV  
  108  8:17  SCV x2  
  109  8:23  Marine x6  
  109  8:24  Marine x2  
  109  8:25  Siege Tank  
  109  8:26  Medivac  
  122  8:31  Viking  
  122  8:32  SCV  
  125  8:34  SCV  
  126  8:41  Marine x2  
  126  8:42  Factory Tech Lab  
  127  8:58  Marine x4  
  127  8:59  Marine x2  
  127  9:00  Siege Tank, Medivac  
  127  9:01  Medivac  
  140  9:04  Marine x2  
  140  9:08  SCV  
  140  9:09  SCV  
  144  9:10  Sensor Tower  
  144  9:15  Sensor Tower  
  144  9:17  Marine x4  
  144  9:18  Siege Tank  
  151  9:25  Engineering Bay  
  151  9:26  Marine x2, Armory  
  151  9:29  Combat Shields  
  151  9:30  Marine  
  151  9:31  Marine x2  
  156  9:34  Marine x2  
  156  9:50  Marine  
  157  9:52  Marine  
  157  9:53  Viking  
  157  9:56  Marine x3, Viking  
  157  9:58  Siege Tank  
  157  9:59  Siege Tank  
  155  10:03  Marine x2  
  141  10:10  Marine x3  
  141  10:11  Marine  
  124  10:30  Siege Tank  
  124  10:31  Siege Tank  
  111  10:37  Marine  
  111  10:38  Marine x3  
  115  10:43  Command Center  
  115  10:45  Marine x2  
  115  10:46  Marine  
  115  10:47  Medivac x2  
  122  10:51  Terran Infantry Weapons Level 2  
  122  10:54  SCV  
  122  10:56  SCV  
  122  10:57  SCV  
  125  11:02  Marine  
  125  11:03  Marine x2  
  128  11:07  Sensor Tower  
  128  11:12  Marine  
  128  11:13  Marine x3  
  128  11:14  Siege Tank x2  
  138  11:21  Marine x2  
  140  11:26  Missile Turret  
  140  11:27  Missile Turret, Marine  
  140  11:30  Marine, SCV x3, Supply Depot  
  145  11:32  Supply Depot  
  145  11:35  Refinery  
  144  11:40  Marine x2  
  146  11:52  Marine  
  147  11:56  Siege Tank  
  136  12:03  Marine x2  
  136  12:04  Siege Tank  
  136  12:05  Medivac x2  
  107  12:08  Marine x2  
  107  12:09  Marine  
  102  12:18  Marine x2  
  102  12:21  Marine  
  100  12:29  Siege Tank  
  98  12:31  Marine x2  
  98  12:32  Marine x2  
  98  12:35  Medivac  
  98  12:36  Marine x2, Siege Tank  
  104  12:43  Marine  
  103  12:49  Marine x3  
  103  12:50  Marine  
  104  12:54  Marine x2  
  104  12:57  SCV  
Tags
 
Add a new tag
Caveats
  • Supply blocks, unpowered buildings, or Contaminate may cause inaccurate times.
  • Supply counts are checked every 10 seconds.